 Dungeon Crawl Stone Soup version 0.27.1-34-g3ba077fa99 (webtiles) character file.

Game seed: 884740157022782230

32 hawla the Sneak (level 3, -9/33 HPs)
             Began as a Draconian Delver on Jan 15, 2022.
             Mangled by Menkaure (14 damage)
             ... in an ossuary.
             The game lasted 00:07:34 (1608 turns).

hawla the Sneak (Draconian Delver)                  Turns: 1608, Time: 00:07:34

Health: -9/33      AC:  5    Str: 14    XL:     3   Next: 10%
Magic:  4/4        EV: 12    Int: 11    God:
Gold:   0          SH:  0    Dex: 12    Spells: 3/3 levels left

rFire    . . .     SeeInvis .   a - +0 falchion
rCold    . . .     Faith    .   (no shield)
rNeg     . . .     Spirit   .   (armour unavailable)
rPois    .         Reflect  .   (helmet restricted)
rElec    .         Harm     .   (no cloak)
rCorr    .         Rampage  .   (no gloves)
Will     .....                  (no boots)
Stlth    +++.......             (no amulet)
HPRegen  0.11/turn              (no ring)
MPRegen  0.09/turn              (no ring)

@: no status effects
A: AC +5, unfitting armour, cold-blooded
a: no special abilities


You were in an ossuary.
You visited 2 branches of the dungeon, and saw 3 of its levels.
You also visited: Ossuary.

Inventory:

Hand Weapons
 a - a +0 falchion (weapon)
Missiles
 g - 18 poisoned darts (quivered)
Wands
 f - a wand of digging (3)
Scrolls
 b - a scroll of fog


   Skills:
 + Level 3.6 Fighting
 + Level 2.4 Long Blades
 - Level 2.0 Dodging
 + Level 4.7 Stealth
 + Level 0.9 Spellcasting


You had 3 spell levels left.
You didn't know any spells.
Your spell library contained the following spells:

 Spells                   Type           Power      Damage    Failure   Level
 Slow                     Hex            0%         N/A       45%         2
 Confusing Touch          Hex            0%         N/A       69%         3
 Vampiric Draining        Necr           0%         2d6       69%         3


Dungeon Overview and Level Annotations

Branches:
Dungeon (6/15)             Temple (1/1) D:5         Ossuary (1/1)

Altars:
Ashenzari
Cheibriados
Elyvilon
Gozag
Hepliaklqana
Kikubaaqudgha
Makhleb
Nemelex Xobeh
Okawaru
Ru
Uskayaw

Annotations:
Ossuary Menkaure


Innate Abilities, Weirdness & Mutations

Your plain brown scales are hard. (AC +5)
You cannot fit into any form of body armour.
You are cold-blooded and may be slowed by cold attacks.


Message History

You feel yourself slow down.
You start resting.
HP restored.
Menkaure shouts!
You hit the gnoll skeleton. You tail-slap the gnoll skeleton.
The gnoll skeleton is moderately damaged.
The gnoll skeleton hits you but does no damage.
You hit the gnoll skeleton.
You tail-slap the gnoll skeleton, but do no damage.
The gnoll skeleton is moderately damaged.
The gnoll skeleton closely misses you.
You hit the gnoll skeleton.
The gnoll skeleton is severely damaged.
The gnoll skeleton hits you but does no damage.
You hit the gnoll skeleton but do no damage.
You tail-slap the gnoll skeleton.
You destroy the gnoll skeleton!
You hit Menkaure.
Menkaure is lightly damaged.
Menkaure casts a spell.
Menkaure seems to speed up.
Okay, then.
You aren't carrying any potions.
Okay, then.
You barely miss Menkaure.
Menkaure is lightly damaged.
Menkaure calls on the powers of darkness!
Your body is wracked with pain!
You barely miss Menkaure.
Menkaure is lightly damaged.
Menkaure closely misses you.
You riposte.
You hit Menkaure but do no damage.
Menkaure is lightly damaged.
Menkaure casts a spell at you. Pain shoots through your body!
* * * LOW HITPOINT WARNING * * *
You hit Menkaure.
You tail-slap Menkaure, but do no damage.
Menkaure is moderately damaged.
Menkaure hits you!
You die...

..##..##..## ##..##..##..##
.##..##..## ##..##..##..##
##..##..## ##M.##..##..##
#..##.M## ##..##..##..## ..##..##
##..##..##..# .##.Z#########
##Z.##..##.. ##....MZZ.MZZM
##..##..##.
#########################M.##..##
................@M..........##..#
###############################..
.................................
#################################


You could see Menkaure (fast).

Vanquished Creatures
  3 gnoll skeletons (Ossuary)
  4 gnoll zombies (Ossuary)
  6 goblin skeletons (Ossuary)
  3 goblin zombies (Ossuary)
  A hobgoblin skeleton (Ossuary)
  6 hobgoblin zombies (Ossuary)
  4 kobold skeletons (Ossuary)
  3 kobold zombies (Ossuary)
  2 orc skeletons (Ossuary)
  5 orc zombies (Ossuary)
  4 rat skeletons (Ossuary)
  3 rat zombies (Ossuary)
44 creatures vanquished.

Notes
Turn   | Place    | Note
-------+----------+-------------------------------------------
     0 | D:5      | hawla the Draconian Delver began the quest for the Orb.
     0 | D:5      | Reached XP level 1. HP: 19/19 MP: 1/1
     0 | D:5      | Found a staircase to the Ecumenical Temple.
     6 | Temple   | Entered the Ecumenical Temple
   249 | D:6      | Noticed a sky beast
   268 | D:6      | Noticed an ogre
   269 | D:6      | Noticed a hound
   329 | D:5      | Found a broken altar of Ashenzari.
   376 | D:5      | Noticed an orc wizard
   384 | D:5      | Found a sand-covered staircase.
   392 | Ossuary  | Entered an ossuary
   464 | Ossuary  | Reached XP level 2. HP: 14/26 MP: 2/2
  1232 | Ossuary  | Reached XP level 3. HP: 31/31 MP: 4/4
  1249 | Ossuary  | Noticed Menkaure
  1608 | Ossuary  | Mangled by Menkaure

Illustrated notes

Levels and vault maps discovered:
D:5:      layout_cave_pools, nicolae_ashenzari_panopticon, bloody_trog,
          minmay_temple_entry_from_below_a, serial_gnoll_camp,
          gnoll_camp_mini_doghouse, gnoll_camp_mini_loothouse,
          gnoll_camp_mini_shop, gnoll_camp_mini_basic, gnoll_camp_mini_doghouse,
          gnoll_camp_mini_basic, chequers_ossuary_entry_cave, fountainhead
D:6:      layout_rooms, mainiacjoe_overflow_small_starburst
Temple:   jpeg_temple_alley_garden
Ossuary:  ossuary_due_pyramid

Skill      XL: |  1  2 |
---------------+-------+-----
Dodging        | 2 |  2.0
Fighting       | |  3.6
Long Blades    | |  2.4
Stealth        | |  4.7
Spellcasting   | |  0.9

Action                   || total
-------------------------++-------
Melee: Falchion          ||   142
       Tailslap          ||    19
  Use: Scroll            ||     2
       Potion            ||     1
Armor: Skin              ||    44
Dodge: Dodged            ||    74
       Rpst.: Falchion   ||    21
